 Dungeon Crawl Stone Soup version 0.17.1-1-g73c8601 (webtiles) character file.

994 Gargoyl the Covered (level 7, -4/55 HPs)
             Began as a Demonspawn Abyssal Knight on Dec 23, 2015.
             Was a Priest of Lugonu.
             Slain by Dickchan's ghost (6 damage)
             ... on level 5 of the Dungeon.
             The game lasted 00:07:27 (3604 turns).

Gargoyl the Covered (Demonspawn Abyssal Knight)     Turns: 3604, Time: 00:07:27

Health: -4/55      AC: 11    Str: 14    XL:     7   Next: 99%
Magic:  9/9        EV:  7    Int: 14    God:    Lugonu [***...]
Gold:   203        SH:  4    Dex: 14    Spells: 0 memorised, 6 levels left

rFire  . . .     SeeInvis .     a - +2 hand axe
rCold  . . .     Clarity  .     e - +0 chain mail
rNeg   . . .     SustAt   .     k - +0 buckler
rPois  .         Gourm    .     (helmet restricted)
rElec  .         Spirit   .     s - +0 cloak
rCorr  .         Warding  .     (no gloves)
rMut   .         Stasis   .     (no boots)
MR     .....                    (no amulet)
Stlth  ..........               (no ring)
                                m - +2 ring of dexterity

@: not resistant to hostile enchantments, extremely unstealthy
A: horns 2, talons 1, spiny 2
a: Depart the Abyss, Bend Space, Banish, Renounce Religion


You were on level 5 of the Dungeon.
You worshipped Lugonu.
Lugonu was most pleased with you.
You were not hungry.

You visited 1 branch of the dungeon, and saw 6 of its levels.
You visited the Abyss 1 time.

You collected 203 gold pieces.

Inventory:

Hand Weapons
 a - a +2 hand axe (weapon)
 j - a +0 flail
Missiles
 t - 4 silver tomahawks
 w - 6 tomahawks (quivered)
Armour
 e - a +0 chain mail (worn)
 k - a +0 buckler (worn)
 s - a +0 cloak (worn)
Jewellery
 m - a +2 ring of dexterity (left hand)
Wands
 b - a wand of digging (9)
 q - a wand of teleportation (4)
Scrolls
 i - a scroll of amnesia
 l - 3 scrolls of fog
 o - 5 scrolls of identify
Potions
 d - 2 potions of haste
 g - a potion of might
 p - a potion of invisibility
 r - a potion of lignification {unknown}
 u - a potion of brilliance
Comestibles
 c - 4 bread rations
 f - 4 meat rations
 n - 3 royal jellies


   Skills:
 + Level 4.9 Fighting
 + Level 3.6 Axes
 + Level 1.1 Throwing
 + Level 5.2 Armour
 + Level 3.0 Dodging
 + Level 0.6 Stealth
 + Level 2.2 Shields
 + Level 3.2 Invocations


You had 6 spell levels left.
You didn't know any spells.

Dungeon Overview and Level Annotations

Branches:
Dungeon (6/15)
 Temple: D:4-7

Altars:
Dithmenos
Okawaru
Trog

Annotations:
D:5 Dickchan's ghost, amateur CeHu


Innate Abilities, Weirdness & Mutations

You have a pair of horns on your head.
You have sharp toenails.
You are mostly covered in sharp spines.


Message History

You feel magically purged.
You feel a little less mighty now. Dickchan's ghost hits you.
* * * LOW HITPOINT WARNING * * *
You hit Dickchan's ghost.
Dickchan's ghost is almost destroyed.
Dickchan's ghost hits you but does no damage.
You closely miss Dickchan's ghost.
Dickchan's ghost is almost destroyed.
Dickchan's ghost barely misses you.
You hit Dickchan's ghost but do no damage.
You claw Dickchan's ghost, but do no damage.
Dickchan's ghost is almost destroyed.
Dickchan's ghost hits you.
* * * LOW HITPOINT WARNING * * *
Your chain mail prevents you from hitting Dickchan's ghost.
Your kick misses Dickchan's ghost. Your headbutt misses Dickchan's ghost.
Dickchan's ghost is almost destroyed.
Dickchan's ghost hits you.
You die...

............####.................
#####............................
##.....#....##...................
#..##.......##...................
..###..#....##..................)
.## #..#....###.[........#.......
.# #..####.........#............
## #..####.####W.....#..........
#####....#..##..@.....#....######
...#..##.........).#........# #
##.............†>.........>.# #
.....#........###.##........#####
..#....##.....###..#.##..........
.....#..#.............#....######
.....##.###[...........##.##
)..####.###...........<##.#
.........##.............#.#


You could see Dickchan's ghost.

Vanquished Creatures
  The ghost of Gargoyl the Skirmisher, an amateur DsAK of Lugonu (D:4)
  Menkaure (D:5)
  A phantom (D:5)
  A giant frog (D:5)
  A scorpion (D:5)
  A centaur zombie (D:5)
  A giant frog zombie (D:5)
  3 hounds
  An iguana (D:5)
  An orc priest (D:3)
  2 orc wizards
  2 worker ants
  A hound zombie (D:5)
  4 river rats (D:3)
  3 adders
  2 gnolls (D:3)
  4 worms
  4 giant geckos
  12 orcs
  A ball python (D:2)
  A giant cockroach (D:1)
  9 goblins
  10 hobgoblins
  2 jackals (D:2)
  8 kobolds
  2 quokkas
  6 bats
  3 giant newts
  A jackal skeleton (D:4)
  7 rats
96 creatures vanquished.

Notes
Turn   | Place    | Note
--------------------------------------------------------------
     0 | Abyss:1  | Gargoyl the Demonspawn Abyssal Knight began the quest for the Orb.
     0 | Abyss:1  | Reached XP level 1. HP: 18/18 MP: 2/2
    63 | Abyss:1  | Found a corrupted altar of Lugonu.
    79 | Abyss:1  | Noticed a starcursed mass
    81 | D:1      | Escaped the Abyss
    85 | D:1      | Noticed a demigod
    85 | D:1      | Noticed a minotaur
    87 | D:1      | Noticed an octopode
    87 | D:1      | Noticed a vine stalker
    89 | D:1      | Noticed a vampire
    89 | D:1      | Noticed a formicid
    91 | D:1      | Noticed an ogre
    93 | D:1      | Noticed a spriggan
    93 | D:1      | Noticed a naga
    95 | D:1      | Noticed a felid
    95 | D:1      | Noticed a tengu
    97 | D:1      | Noticed a merfolk
    97 | D:1      | Noticed a draconian
    99 | D:1      | Noticed a gargoyle
   101 | D:1      | Noticed a centaur
   103 | D:1      | Noticed a dwarf
   105 | D:1      | Noticed a human
   105 | D:1      | Noticed a troll
   107 | D:1      | Noticed a demonspawn
   109 | D:1      | Noticed a ghoul
   109 | D:1      | Noticed an elf
   166 | D:1      | Reached * piety under Lugonu
   294 | D:1      | Gained mutation: You are partially covered in sharp spines. [demonic ancestry]
   294 | D:1      | Reached XP level 2. HP: 21/24 MP: 3/3
   734 | D:2      | Reached skill level 1 in Dodging
   793 | D:2      | Gained mutation: You have a pair of small horns on your head. [demonic ancestry]
   793 | D:2      | Reached XP level 3. HP: 30/30 MP: 4/4
   808 | D:2      | Reached ** piety under Lugonu
   850 | D:2      | Found a shadowy altar of Dithmenos.
  1338 | D:3      | Found a bloodstained altar of Trog.
  1343 | D:3      | Found an iron altar of Okawaru.
  1438 | D:3      | Gained mutation: You are mostly covered in sharp spines. [demonic ancestry]
  1438 | D:3      | Reached XP level 4. HP: 19/37 MP: 6/6
  1590 | D:3      | Reached skill level 4 in Fighting
  1729 | D:3      | Gained mutation: You have sharp toenails. [demonic ancestry]
  1729 | D:3      | Reached XP level 5. HP: 18/42 MP: 7/7
  2483 | D:4      | Reached skill level 1 in Shields
  2497 | D:4      | Reached XP level 6. HP: 41/48 MP: 8/8
  2562 | D:4      | Noticed Gargoyl's ghost (amateur DsAK)
  2585 | D:4      | Killed Gargoyl's ghost
  3075 | D:5      | Entered Level 5 of the Dungeon
  3078 | D:5      | Gained mutation: You have a pair of horns on your head. [demonic ancestry]
  3078 | D:5      | Reached XP level 7. HP: 50/55 MP: 9/9
  3108 | D:5      | Reached *** piety under Lugonu
  3461 | D:5      | Reached skill level 1 in Throwing
  3564 | D:6      | Noticed Menkaure
  3572 | D:5      | Killed Menkaure
  3572 | D:5      | Reached skill level 5 in Armour
  3583 | D:5      | Noticed Dickchan's ghost (amateur CeHu)
  3603 | D:5      | HP: 2/55 [Dickchan's ghost (6)]
  3604 | D:5      | Slain by Dickchan's ghost

Action                   |  1- 3 |  4- 6 |  7- 9 || total
-------------------------+-------+-------+-------++-------
Melee: Hand axe          |    66 |    61 |    54 ||   181
Throw: Tomahawk          |       |     6 |       ||     6
Invok: Depart the Abyss  |     1 |       |       ||     1
  Use: Scroll            |     2 |     8 |     2 ||    12
       Potion            |       |     4 |     2 ||     6
  Eat: Fruit             |     7 |       |       ||     7
       Beef jerky        |       |     1 |       ||     1
       Bread ration      |       |       |     1 ||     1
